% Time on Ice - UTAH ICE BEARS
Lines # - Real PCT - Wanted PCT - Time Play
Normal Forward
1 - 23% - 32% - 11:29
2 - 35% - 30% - 17:20
3 - 13% - 24% - 6:27
4 - 29% - 14% - 14:32
Normal Defense
1 - 29% - 28% - 14:34
2 - 31% - 27% - 15:13
3 - 26% - 24% - 12:51
4 - 14% - 21% - 7:10
PP Forward
1 - 46% - 55% - 0:55
2 - 54% - 45% - 1:04
PP Defense
1 - 34% - 53% - 0:41
2 - 66% - 47% - 1:18
PK Forward
1 - 62% - 55% - 5:07
2 - 38% - 45% - 3:06
PK Defense
1 - 61% - 55% - 5:02
2 - 39% - 45% - 3:11
PK3 Forward
1 - 0% - 55%
2 - 0% - 45%
PK3 Defense
1 - 0% - 55%
2 - 0% - 45%
44 Forward
1 - 0% - 50%
2 - 0% - 50%
44 Defense
1 - 0% - 55%
2 - 0% - 45%
Last Minute Offensive  - 0:00
Last Minute Defensive  - 0:00
Total
Forward - 60:00
Defense - 60:00
% Time on Ice - LONG BEACH BARACUDAS
Lines # - Real PCT - Wanted PCT - Time Play
Normal Forward
1 - 42% - 40% - 21:08
2 - 33% - 32% - 16:32
3 - 19% - 20% - 9:15
4 - 6% - 8% - 2:53
Normal Defense
1 - 35% - 36% - 17:17
2 - 34% - 31% - 16:46
3 - 24% - 23% - 12:07
4 - 7% - 10% - 3:38
PP Forward
1 - 36% - 53% - 2:58
2 - 64% - 47% - 5:15
PP Defense
1 - 61% - 55% - 5:03
2 - 39% - 45% - 3:10
PK Forward
1 - 55% - 55% - 1:06
2 - 45% - 45% - 0:53
PK Defense
1 - 35% - 55% - 0:42
2 - 65% - 45% - 1:17
PK3 Forward
1 - 0% - 55%
2 - 0% - 45%
PK3 Defense
1 - 0% - 55%
2 - 0% - 45%
44 Forward
1 - 0% - 55%
2 - 0% - 45%
44 Defense
1 - 0% - 55%
2 - 0% - 45%
Last Minute Offensive  - 0:00
Last Minute Defensive  - 0:00
Total
Forward - 60:00
Defense - 60:00
Play-by-Play 1st period 0:01 of 1st period - Dominic Toninato wins face-off versus Sidney Crosby in neutral zone. 0:28 of 1st period - Shot by Sidney Crosby. 0:28 of 1st period - Goal by Sidney Crosby - UTAH ICE BEARS : 0 - LONG BEACH BARACUDAS : 1. 0:29 of 1st period - Steven Stamkos wins face-off versus Alex Galchenyuk in neutral zone. 1:04 of 1st period - Shot by Steven Stamkos. 1:04 of 1st period - Shot Misses the Net. 2:19 of 1st period - Shot by Taylor Hall. 2:19 of 1st period - Deflect By Sidney Crosby. 2:19 of 1st period - Stopped by Mitch Gillam without a rebound. 2:20 of 1st period - Sidney Crosby wins face-off versus Jake Guentzel in UTAH ICE BEARS zone. 2:21 of 1st period - Shot by Kyle Palmieri. 2:21 of 1st period - Shot Misses the Net. 2:23 of 1st period - Shot by Taylor Hall. 2:23 of 1st period - Stopped by Mitch Gillam with a rebound. 2:25 of 1st period - Shot by Sidney Crosby. 2:25 of 1st period - Shot Misses the Net. 2:27 of 1st period - Shot by Taylor Hall. 2:27 of 1st period - Goal by Taylor Hall - UTAH ICE BEARS : 0 - LONG BEACH BARACUDAS : 2. 2:28 of 1st period - Sidney Crosby wins face-off versus Jake Guentzel in neutral zone. 2:37 of 1st period - Shot by Kyle Palmieri. 2:37 of 1st period - Shot Misses the Net. 2:39 of 1st period - Shot by Sidney Crosby. 2:39 of 1st period - Shot Misses the Net. 3:01 of 1st period - Shot by Kyle Palmieri. 3:01 of 1st period - Stopped by Mitch Gillam without a rebound. 3:02 of 1st period - Alex Galchenyuk wins face-off versus Nolan Patrick in UTAH ICE BEARS zone. 3:14 of 1st period - Off-side. 3:15 of 1st period - Steven Stamkos wins face-off versus Mats Zuccarello in neutral zone. 3:26 of 1st period - Shot by Elias Lindholm. 3:26 of 1st period - Shot Blocked by MacKenzie Weegar. 3:28 of 1st period - Shot by Ben Hutton. 3:28 of 1st period - Shot Misses the Net. 3:30 of 1st period - Shot by Ben Hutton. 3:30 of 1st period - Shot Misses the Net. 3:32 of 1st period - Shot by Kyle Connor. 3:32 of 1st period - Stopped by Mitch Gillam without a rebound. 3:33 of 1st period - Nolan Patrick wins face-off versus Alex Galchenyuk in UTAH ICE BEARS zone. 4:01 of 1st period - Shot by Alex Galchenyuk. 4:01 of 1st period - Deflect By Casey Mittelstadt. 4:01 of 1st period - Shot Misses the Net. 4:31 of 1st period - Shot by Taylor Hall. 4:31 of 1st period - Stopped by Mitch Gillam with a rebound. 4:37 of 1st period - Shot by Sidney Crosby. 4:37 of 1st period - Stopped by Mitch Gillam with a rebound. 4:39 of 1st period - Shot by Sidney Crosby. 4:39 of 1st period - Stopped by Mitch Gillam with a rebound. 4:49 of 1st period - Shot by Taylor Hall. 4:49 of 1st period - Goal by Taylor Hall - UTAH ICE BEARS : 0 - LONG BEACH BARACUDAS : 3. 4:50 of 1st period - Steven Stamkos wins face-off versus Rudolfs Balcers in neutral zone. 5:19 of 1st period - Shot by Elias Lindholm. 5:19 of 1st period - Deflect By Steven Stamkos. 5:19 of 1st period - Shot Misses the Net. 5:21 of 1st period - Shot by Ben Hutton. 5:21 of 1st period - Stopped by Mitch Gillam with a rebound. 5:23 of 1st period - Shot by Elias Lindholm. 5:23 of 1st period - Shot Misses the Net. 5:25 of 1st period - Shot by Ben Hutton. 5:25 of 1st period - Shot Blocked by Mats Zuccarello. 5:27 of 1st period - Shot by Ben Hutton. 5:27 of 1st period - Stopped by Mitch Gillam with a rebound. 6:11 of 1st period - Shot by Sidney Crosby. 6:11 of 1st period - Shot Misses the Net. 6:18 of 1st period - Taylor Hall is hit by MacKenzie Weegar and loses puck. 6:44 of 1st period - Minor Penalty to Nicholas Paul for High sticking. 6:45 of 1st period - Steven Stamkos wins face-off versus Casey Mittelstadt in UTAH ICE BEARS zone. 6:46 of 1st period - Shot by Elias Lindholm. 6:46 of 1st period - Shot Blocked by MacKenzie Weegar. 6:48 of 1st period - Shot by Elias Lindholm. 6:48 of 1st period - Stopped by Mitch Gillam with a rebound. 7:00 of 1st period - Shot by Elias Lindholm. 7:00 of 1st period - Stopped by Mitch Gillam with a rebound. 7:02 of 1st period - Shot by Elias Lindholm. 7:02 of 1st period - Deflect By Steven Stamkos. 7:02 of 1st period - Goal by Steven Stamkos - UTAH ICE BEARS : 0 - LONG BEACH BARACUDAS : 4. 7:03 of 1st period - Brad Richardson wins face-off versus Dominic Toninato in neutral zone. 7:16 of 1st period - Shot by J.T. Compher. 7:16 of 1st period - Stopped by Mitch Gillam with a rebound. 7:18 of 1st period - Shot by J.T. Compher. 7:18 of 1st period - Stopped by Mitch Gillam with a rebound. 7:24 of 1st period - Shot by J.T. Compher. 7:24 of 1st period - Shot Hit the Post. 7:26 of 1st period - Shot by J.T. Compher. 7:26 of 1st period - Shot Blocked by Troy Stecher. 7:28 of 1st period - Shot by Daniel Carr. 7:28 of 1st period - Deflect By Brad Richardson. 7:28 of 1st period - Stopped by Mitch Gillam with a rebound. 7:30 of 1st period - Shot by Ben Hutton. 7:30 of 1st period - Shot Blocked by Troy Stecher. 8:25 of 1st period - Shot by Elias Lindholm. 8:25 of 1st period - Stopped by Mitch Gillam with a rebound. 8:27 of 1st period - Shot by Steven Stamkos. 8:27 of 1st period - Stopped by Mitch Gillam without a rebound. 8:28 of 1st period - Sidney Crosby wins face-off versus Rudolfs Balcers in UTAH ICE BEARS zone. 8:28 of 1st period - Sidney Crosby is hit by Tim Heed. 8:34 of 1st period - Shot by Sidney Crosby. 8:34 of 1st period - Stopped by Mitch Gillam without a rebound. 8:35 of 1st period - Sidney Crosby wins face-off versus Rudolfs Balcers in UTAH ICE BEARS zone. 9:06 of 1st period - Mats Zuccarello is hit by Kyle Palmieri and loses puck. 9:19 of 1st period - Shot by Sidney Crosby. 9:19 of 1st period - Deflect By Kyle Palmieri. 9:19 of 1st period - Stopped by Mitch Gillam without a rebound. 9:20 of 1st period - Steven Stamkos wins face-off versus Jake Guentzel in UTAH ICE BEARS zone. 9:21 of 1st period - Shot by Kyle Connor. 9:21 of 1st period - Stopped by Mitch Gillam with a rebound. 9:25 of 1st period - Shot by Steven Stamkos. 9:25 of 1st period - Shot Misses the Net. 9:58 of 1st period - Elias Lindholm is hit by Troy Stecher. 10:22 of 1st period - Icing by Brandon Montour. 10:23 of 1st period - Brad Richardson wins face-off versus Casey Mittelstadt in LONG BEACH BARACUDAS zone. 10:36 of 1st period - Shot by J.T. Compher. 10:36 of 1st period - Shot Misses the Net. 10:38 of 1st period - Shot by J.T. Compher. 10:38 of 1st period - Goal by J.T. Compher - UTAH ICE BEARS : 0 - LONG BEACH BARACUDAS : 5. 10:39 of 1st period - Rudolfs Balcers wins face-off versus Kyle Palmieri in neutral zone. 12:00 of 1st period - Shot by Steven Stamkos. 12:00 of 1st period - Deflect By Elias Lindholm. 12:00 of 1st period - Shot Blocked by T.J. Brodie. 13:34 of 1st period - Shot by Taylor Hall. 13:34 of 1st period - Shot Misses the Net. 13:36 of 1st period - Shot by Sidney Crosby. 13:36 of 1st period - Stopped by Mitch Gillam without a rebound. 13:37 of 1st period - Sidney Crosby wins face-off versus Alex Galchenyuk in UTAH ICE BEARS zone. 13:55 of 1st period - Sidney Crosby is hit by MacKenzie Weegar and loses puck. 14:13 of 1st period - Kyle Palmieri is hit by MacKenzie Weegar and loses puck. 14:42 of 1st period - Steven Stamkos is hit by Kevin Shattenkirk and loses puck. 14:47 of 1st period - Shot by Kyle Connor. 14:47 of 1st period - Shot Misses the Net. 14:49 of 1st period - Shot by Elias Lindholm. 14:49 of 1st period - Stopped by Mitch Gillam with a rebound. 15:07 of 1st period - Kyle Connor is hit by MacKenzie Weegar and loses puck. 15:16 of 1st period - Shot by Elias Lindholm. 15:16 of 1st period - Shot Misses the Net. 15:29 of 1st period - Icing by Brandon Montour. 15:30 of 1st period - Nolan Patrick wins face-off versus Rudolfs Balcers in LONG BEACH BARACUDAS zone. 16:28 of 1st period - Icing by Zachary Werenski. 16:29 of 1st period - Jake Guentzel wins face-off versus Sidney Crosby in LONG BEACH BARACUDAS zone. 16:34 of 1st period - Shot by Jake Guentzel. 16:34 of 1st period - Shot Blocked by Alex Pietrangelo. 16:44 of 1st period - Shot by Sidney Crosby. 16:44 of 1st period - Shot Blocked by T.J. Brodie. 16:46 of 1st period - Shot by Alex Pietrangelo. 16:46 of 1st period - Shot Misses the Net. 16:48 of 1st period - Shot by Taylor Hall. 16:48 of 1st period - Stopped by Mitch Gillam without a rebound. 16:49 of 1st period - Rudolfs Balcers wins face-off versus Steven Stamkos in UTAH ICE BEARS zone. 17:00 of 1st period - Shot by Elias Lindholm. 17:00 of 1st period - Shot Misses the Net. 17:02 of 1st period - Shot by Elias Lindholm. 17:02 of 1st period - Goal by Elias Lindholm - UTAH ICE BEARS : 0 - LONG BEACH BARACUDAS : 6. 17:03 of 1st period - Sidney Crosby wins face-off versus Dominic Toninato in neutral zone. 17:10 of 1st period - Shot by Sidney Crosby. 17:10 of 1st period - Deflect By Taylor Hall. 17:10 of 1st period - Shot Misses the Net. 17:12 of 1st period - Shot by Alex Pietrangelo. 17:12 of 1st period - Shot Misses the Net. 17:14 of 1st period - Shot by Sidney Crosby. 17:14 of 1st period - Deflect By Kyle Palmieri. 17:14 of 1st period - Stopped by Mitch Gillam without a rebound. 17:15 of 1st period - Steven Stamkos wins face-off versus Rudolfs Balcers in UTAH ICE BEARS zone. 17:22 of 1st period - Shot by Steven Stamkos. 17:22 of 1st period - Goal by Steven Stamkos - UTAH ICE BEARS : 0 - LONG BEACH BARACUDAS : 7. 17:22 of 1st period - Ben Bishop enters game. 17:23 of 1st period - Sidney Crosby wins face-off versus Mats Zuccarello in neutral zone. 17:23 of 1st period - Taylor Hall is hit by Greg Carey and loses puck. 17:41 of 1st period - Mats Zuccarello is hit by Brandon Montour and loses puck. 17:52 of 1st period - Shot by Mats Zuccarello. 17:52 of 1st period - Stopped by Darcy Kuemper without a rebound. 17:53 of 1st period - Steven Stamkos wins face-off versus Dominic Toninato in LONG BEACH BARACUDAS zone. 18:20 of 1st period - Shot by Elias Lindholm. 18:20 of 1st period - Shot Misses the Net. 18:26 of 1st period - Elias Lindholm is hit by Dominic Toninato and loses puck. Goals for this period are 0 for UTAH ICE BEARS vs 7 for LONG BEACH BARACUDAS. Shots for this period are 1 for UTAH ICE BEARS vs 30 for LONG BEACH BARACUDAS. 2nd period 0:01 of 2nd period - Brad Richardson wins face-off versus Jake Guentzel in neutral zone. 1:32 of 2nd period - Icing by Sidney Crosby. 1:33 of 2nd period - Sidney Crosby wins face-off versus Rudolfs Balcers in LONG BEACH BARACUDAS zone. 1:40 of 2nd period - Mats Zuccarello is hit by Kyle Palmieri and loses puck. 2:19 of 2nd period - Shot by Kyle Connor. 2:19 of 2nd period - Shot Misses the Net. 2:21 of 2nd period - Shot by Zachary Werenski. 2:21 of 2nd period - Stopped by Ben Bishop without a rebound. 2:22 of 2nd period - Brad Richardson wins face-off versus Dominic Toninato in UTAH ICE BEARS zone. 2:23 of 2nd period - Shot by J.T. Compher. 2:23 of 2nd period - Stopped by Ben Bishop with a rebound. 2:35 of 2nd period - J.T. Compher is hit by Radim Simek and loses puck. 2:40 of 2nd period - Shot by J.T. Compher. 2:40 of 2nd period - Shot Misses the Net. 2:54 of 2nd period - Shot by J.T. Compher. 2:54 of 2nd period - Stopped by Ben Bishop with a rebound. 2:56 of 2nd period - Shot by Brad Richardson. 2:56 of 2nd period - Shot Blocked by Tim Heed. 2:58 of 2nd period - Shot by Brad Richardson. 2:58 of 2nd period - Shot Blocked by Radim Simek. 3:03 of 2nd period - Icing by Tim Heed. 3:04 of 2nd period - Steven Stamkos wins face-off versus Dominic Toninato in UTAH ICE BEARS zone. 4:41 of 2nd period - Shot by Taylor Hall. 4:41 of 2nd period - Deflect By Sidney Crosby. 4:41 of 2nd period - Shot Hit the Post. 4:43 of 2nd period - Shot by Sidney Crosby. 4:43 of 2nd period - Deflect By Kyle Palmieri. 4:43 of 2nd period - Shot Misses the Net. 4:45 of 2nd period - Shot by Justin Schultz. 4:45 of 2nd period - Shot Misses the Net. 5:16 of 2nd period - Shot by Daniel Carr. 5:16 of 2nd period - Shot Misses the Net. 5:18 of 2nd period - Shot by Brad Richardson. 5:18 of 2nd period - Shot Blocked by MacKenzie Weegar. 5:20 of 2nd period - Shot by Brad Richardson. 5:20 of 2nd period - Shot Blocked by MacKenzie Weegar. 5:24 of 2nd period - Shot by Brad Richardson. 5:24 of 2nd period - Shot Hit the Post. 5:26 of 2nd period - Shot by Brandon Montour. 5:26 of 2nd period - Shot Blocked by MacKenzie Weegar. 5:28 of 2nd period - Shot by Jordan Oesterle. 5:28 of 2nd period - Deflect By Daniel Carr. 5:28 of 2nd period - Stopped by Ben Bishop without a rebound. 5:29 of 2nd period - Steven Stamkos wins face-off versus Rudolfs Balcers in UTAH ICE BEARS zone. 5:36 of 2nd period - Shot by Steven Stamkos. 5:36 of 2nd period - Shot Misses the Net. 5:39 of 2nd period - Icing by Troy Stecher. 5:40 of 2nd period - Steven Stamkos wins face-off versus Rudolfs Balcers in UTAH ICE BEARS zone. 5:47 of 2nd period - Shot by T.J. Brodie. 5:47 of 2nd period - Stopped by Darcy Kuemper without a rebound. 5:48 of 2nd period - Sidney Crosby wins face-off versus Alex Galchenyuk in LONG BEACH BARACUDAS zone. 5:53 of 2nd period - Shot by Sidney Crosby. 5:53 of 2nd period - Stopped by Ben Bishop without a rebound. 5:54 of 2nd period - Sidney Crosby wins face-off versus Rudolfs Balcers in UTAH ICE BEARS zone. 6:03 of 2nd period - Shot by Sidney Crosby. 6:03 of 2nd period - Shot Misses the Net. 6:27 of 2nd period - Icing by Kevin Shattenkirk. 6:28 of 2nd period - Steven Stamkos wins face-off versus Greg Carey in UTAH ICE BEARS zone. 6:37 of 2nd period - Shot by Elias Lindholm. 6:37 of 2nd period - Stopped by Ben Bishop without a rebound. 6:38 of 2nd period - Alex Galchenyuk wins face-off versus Steven Stamkos in UTAH ICE BEARS zone. 6:38 of 2nd period - Alex Galchenyuk is hit by Elias Lindholm. 6:41 of 2nd period - Casey Mittelstadt is hit by Kyle Connor and loses puck. 6:45 of 2nd period - Off-side. 6:46 of 2nd period - Alex Galchenyuk wins face-off versus Sidney Crosby in neutral zone. 7:07 of 2nd period - Shot by Kyle Palmieri. 7:07 of 2nd period - Shot Misses the Net. 7:12 of 2nd period - Minor Penalty to Nicholas Paul for Interference. 7:13 of 2nd period - Alex Galchenyuk wins face-off versus Steven Stamkos in UTAH ICE BEARS zone. 7:24 of 2nd period - Shot by Elias Lindholm. 7:24 of 2nd period - Shot Blocked by Mats Zuccarello. 9:10 of 2nd period - Shot by Elias Lindholm. 9:10 of 2nd period - Goal by Elias Lindholm - UTAH ICE BEARS : 0 - LONG BEACH BARACUDAS : 8. 9:11 of 2nd period - Sidney Crosby wins face-off versus Alex Galchenyuk in neutral zone. 9:25 of 2nd period - Taylor Hall is hit by Alex Galchenyuk and loses puck. 10:18 of 2nd period - Shot by Nolan